 Dungeon Crawl Stone Soup version 0.25-a0-248-g18654cfe15 (webtiles) character file.

Game seed: 8579314664540150056, levelgen mode: deterministic

56 Goreval the Firebug (level 3, -1/28 HPs)
             Began as a Deep Elf Fire Elementalist on Dec 4, 2019.
             Slain by a gnoll
             ... wielding a +0 halberd
              (4 damage)
             ... on level 2 of the Dungeon.
             The game lasted 00:05:12 (1900 turns).

Goreval the Firebug (Deep Elf Fire Elementalist)    Turns: 1900, Time: 00:05:13

Health: -1/28      AC: 21    Str:  5    XL:     3   Next: 71%
Magic:  10/19      EV:  2    Int: 20    God:
Gold:   59         SH:  0    Dex: 17    Spells: 2/9 levels left

rFire    . . .     SeeInvis .   e - +0 dagger
rCold    . . .     Gourm    .   (no shield)
rNeg     + + +     Faith    .   (armour currently unavailable)
rPois    +         Spirit   .   (helmet currently unavailable)
rElec    .         Reflect  .   (cloak currently unavailable)
rCorr    .         Harm     .   (gloves currently unavailable)
MR       .....     NoTele   +   (boots currently unavailable)
Stlth    ++........             (no amulet)
HPRegen  0.09/turn              g - ring of magical power
MPRegen  0.16/turn              n - +2 ring of dexterity

@: tree-form
A: no striking features
a: no special abilities


You were on level 2 of the Dungeon.
You were not hungry.
You were a tree.
You visited 1 branch of the dungeon, and saw 3 of its levels.

You collected 59 gold pieces.

Inventory:

Hand Weapons
 e - a +0 dagger (weapon)
Missiles
 f - 85 stones (quivered)
Armour
 a - a +0 robe (melded)
 l - a +0 cloak (melded)
Jewellery
 g - a ring of magical power (left branch)
 n - a +2 ring of dexterity (right branch)
Scrolls
 b - 2 scrolls of identify {unknown}
 i - a scroll of teleportation {unknown}
 j - a scroll of remove curse {unknown}
 k - 2 scrolls of enchant armour {unknown}
 m - a scroll of magic mapping {unknown}
Potions
 d - a potion of lignification
 h - a potion of agility {unknown}
 p - a potion of curing {unknown}
Comestibles
 c - 2 rations
 o - 3 chunks of flesh


   Skills:
 - Level 2.4 Dodging
 - Level 2.4 Stealth
 + Level 3.6 Spellcasting
 * Level 2.6 Conjurations
 * Level 4.1 Fire Magic


You had 2 spell levels left.
You knew the following spells:

 Your Spells              Type           Power        Failure   Level  Hunger
a - Foxfire               Conj/Fire      ###.         3%          1    None
b - Inner Flame           Hex/Fire       ##......     17%         3    ###....
c - Conjure Flame         Conj/Fire      ###.....     10%         3    ###....

Your spell library contained the following spells:

 Spells                   Type           Power        Failure   Level  Hunger
 Sticky Flame             Conj/Fire      ###.....     32%         4    ####...
 Fireball                 Conj/Fire      ###.......   67%         5    ######.


Dungeon Overview and Level Annotations

Branches:
Dungeon (3/15)

Altars:


Message History

You kill the dart slug!
The gnoll hits you but does no damage. x3
You conjure some foxfire!
The foxfire hits the gnoll.
The gnoll hits you but does no damage. x3
You conjure some foxfire!
The foxfire hits the gnoll.
The foxfire hits the gnoll but does no damage.
The gnoll hits you but does no damage. x3
You conjure some foxfire!
The foxfire hits the gnoll.
The gnoll hits you but does no damage. The gnoll completely misses you.
A ball python comes into view.
You conjure some foxfire!
The foxfire hits the gnoll. x2
The gnoll hits you but does no damage. x2; The gnoll completely misses you.
You conjure some foxfire!
The foxfire hits the gnoll.
The gnoll hits you but does no damage.
The gnoll hits you from afar with a +0 spear.
* * * LOW HITPOINT WARNING * * *
You conjure some foxfire!
The foxfire hits the gnoll.
The foxfire hits the gnoll but does no damage.
The gnoll hits you from afar with a +0 halberd.
You die...

#.###.##########..#.#
##..## ##
##..............# #..##
#. #....#####.#.###
..... #. ##
#.##.......#.# #.###
#.###.# #.###########.#
# ##.<.#...####### #..
... ...÷>...# #.....
### ... ###.#####
#....v######## #..
###.#
#...g.♣v.....#####.####
....#
#..Sg†######.##.......#
##### #...g.
#.##.##.##.# # ###.##
#.##.##.##.# # #.
#........... # #
####.##.##.# #
#.##.##.# # #........ .
####.....


You could see 3 gnolls and a ball python.

Vanquished Creatures
  3 adders
  A dart slug (D:2)
  A worm (D:2)
  3 hobgoblins
  3 jackals (D:1)
  5 kobolds
  A quokka (D:2)
  A ball python (D:2)
  2 bats (D:1)
  4 frilled lizards
  2 goblins
  A rat (D:1)
27 creatures vanquished.

Vanquished Creatures (others)
  88 foxfires
88 creatures vanquished.

Grand Total: 115 creatures vanquished

Notes
Turn   | Place    | Note
-------+----------+-------------------------------------------
     0 | D:1      | Goreval the Deep Elf Fire Elementalist began the quest for
                  | the Orb.
     0 | D:1      | Reached XP level 1. HP: 10/10 MP: 6/6
   247 | D:2      | Reached XP level 2. HP: 15/15 MP: 5/8
  1345 | D:2      | Reached XP level 3. HP: 19/19 MP: 9/9
  1376 | D:2      | Learned a level 3 spell: Inner Flame
  1380 | D:2      | Learned a level 3 spell: Conjure Flame
  1390 | D:2      | Reached skill level 4 in Fire Magic
  1900 | D:2      | Slain by a gnoll

Levels and vault maps discovered:
D:1:      scummos_arrival_forest, layout_loops_cross
D:2:      layout_loops_ring
D:3:      layout_basic, uniq_robin

Skill      XL: |  1  2  3 |
---------------+----------+-----
Conjurations   | 2 |  2.6
Fire Magic     | 4 |  4.1
Dodging        | |  2.4
Stealth        | |  2.4
Spellcasting   | |  3.6

Action                   || total
-------------------------++-------
Melee: Unarmed           ||     2
       Dagger            ||     6
 Cast: Foxfire           ||    56
       Conjure Flame     ||     3
  Use: Potion            ||     1
 Stab: Sleeping          ||     2
  Eat: Chunk             ||     3
Armor: Robe              ||     6
       Skin              ||    15
Dodge: Dodged            ||    30

Table legend:
 A = Non-vault XP
 B = Vault XP
 C = Vault XP percentage of total XP
 D = Non-vault monster count
 E = Vault monster count
 F = Vault count percentage of total count
                 A         B        C        D         E       F
            +---------+---------+-------+---------+---------+-------
      Total |      81 |       0 |   0.0 |      27 |       0 |   0.0
            +---------+---------+-------+---------+---------+-------
        D:1 |      34 |       0 |   0.0 |      14 |       0 |   0.0
        D:2 |      47 |       0 |   0.0 |      13 |       0 |   0.0
            +---------+---------+-------+---------+---------+-------
